Map: Ulrena

Players

Gracz

  • Race: Terran Terran

SI 1 (Łatwa) - Winner!

  • Race: Terran Terran

VOD

Have the link to the VOD?

Description

Time

  • Played on: Feb. 8, 2016, 9:43 a.m.
  • Length: 12:45
Show
View Real Time Build Order
Export as new Build Order

Gracz Terran 

Build Orders:  

Get SALT Encoding   

  12  0:05  SCV  
  13  0:21  Refinery  
  13  0:47  SCV  
  14  0:53  Refinery  
  14  0:59  SCV  
  14  1:01  Supply Depot  
  15  1:22  SCV  
  16  1:27  Supply Depot  
  16  1:34  SCV  
  17  1:54  Supply Depot  
  17  2:22  Supply Depot  
  17  2:39  Barracks  
  17  2:46  Barracks  
  17  2:54  Engineering Bay  
  17  3:04  Supply Depot  
  17  3:31  Ghost Academy  
  17  3:40  Factory  
  17  3:52  Factory  
  17  4:02  Barracks  
  17  4:10  Barracks  
  17  4:31  Supply Depot  
  17  4:57  Starport  
  17  5:03  SCV  
  18  5:15  SCV  
  19  5:28  Supply Depot  
  19  6:01  Supply Depot  
  19  6:23  SCV  
  20  6:28  Supply Depot  
  20  6:35  SCV  
  21  6:53  Terran Infantry Weapons Level 1  
  21  7:14  Marine x4  
  25  7:32  Marine x4  
  25  7:49  Marine  
  25  7:50  Marine x2  
  19  8:07  Marine x2  
  19  8:08  Marine  
  16  8:25  Marine x3  
  9  8:43  Marine x2  
  6  10:18  Hellion  
  8  10:29  Barracks  
  8  10:39  Hellion  
  8  11:17  Marine  
Show
View Real Time Build Order
Export as new Build Order

SI 1 (Łatwa) Terran - Winner!

Build Orders:  

Get SALT Encoding   

  12  0:00  SCV  
  13  0:13  SCV  
  14  0:20  Supply Depot  
  14  0:25  SCV  
  15  0:41  SCV  
  16  0:44  Barracks  
  16  0:45  Refinery  
  16  1:09  Supply Depot  
  16  1:20  Refinery  
  16  1:30  Marine, Orbital Command  
  17  1:48  Barracks Tech Lab  
  17  2:06  Marine  
  18  2:13  Supply Depot  
  18  2:16  SCV  
  19  2:28  SCV  
  20  2:30  Marine  
  21  2:40  SCV  
  22  2:52  SCV  
  22  2:54  Marine  
  24  3:04  SCV  
  25  3:17  SCV  
  25  3:18  Marauder  
  30  3:41  Marauder  
  30  4:05  Marauder  
  32  6:45  Reaper  
  33  6:48  Supply Depot  
  33  6:55  Command Center  
  33  7:12  Factory  
  33  7:14  Supply Depot  
  33  7:17  Marine  
  34  7:34  Marine  
  34  7:52  Marine  
  34  7:57  Starport  
  35  8:08  SCV  
  35  8:09  Refinery  
  35  8:10  Marine  
  37  8:13  SCV  
  38  8:20  Refinery, SCV  
  38  8:25  SCV  
  40  8:28  Marine  
  40  8:32  SCV  
  42  8:35  Starport Tech Lab  
  42  8:38  SCV  
  43  8:45  SCV  
  43  8:46  Reaper  
  45  8:50  SCV  
  45  8:53  Raven  
  48  8:57  SCV  
  48  9:02  SCV  
  50  9:09  SCV  
  51  9:14  SCV  
  52  9:21  SCV  
  53  9:26  SCV  
  54  9:33  SCV  
  54  9:35  Raven  
  58  9:38  SCV  
  58  9:45  SCV  
  59  9:50  SCV  
  60  9:57  SCV  
  61  10:02  SCV  
  62  10:09  SCV  
  62  10:10  Supply Depot  
  63  10:14  SCV  
  64  10:21  SCV  
  64  10:26  SCV  
  66  11:11  Marine  
  65  11:29  Marine  
  66  11:37  Command Center  
  66  11:56  Medivac  
  66  11:57  Marauder  
  66  11:58  Supply Depot  
  66  12:00  Engineering Bay  
Tags
 
Add a new tag
Caveats
  • Supply blocks, unpowered buildings, or Contaminate may cause inaccurate times.
  • Supply counts are checked every 10 seconds.